 Dungeon Crawl Stone Soup version 0.27-a0-1137-g3ef0f4ec91 (webtiles) character file.

Game seed: 18252401693690853468

4 Froggeryz the Sneak (level 1, -1/11 HPs)
             Began as a Vine Stalker Brigand on May 6, 2021.
             Slain by a hobgoblin (3 damage)
             ... on level 1 of the Dungeon.
             The game lasted 00:00:42 (133 turns).

Froggeryz the Sneak (Vine Stalker Brigand)           Turns: 133, Time: 00:00:43

Health: -1/11      AC:  3    Str: 13    XL:     1   Next: 70%
Magic:  0/2        EV: 11    Int: 11    God:
Gold:   8          SH:  0    Dex: 15    Spells: 0/0 levels left

rFire    . . .     SeeInvis .   a - +2 dagger
rCold    . . .     Faith    .   (no shield)
rNeg     . . .     Spirit   +   b - +0 robe
rPois    .         Reflect  .   (no helmet)
rElec    .         Harm     .   c - +0 cloak
rCorr    .         Rampage  .   (no gloves)
Will     .....                  (no boots)
Stlth    +++.......             (no amulet)
HPRegen  0.03/turn              (no ring)
MPRegen  0.08/turn              (no ring)

@: no status effects
A: fangs 2, magic shield, antimagic bite, no potion heal 2
a: no special abilities


You were on level 1 of the Dungeon.
You visited 1 branch of the dungeon, and saw 1 of its levels.

You collected 8 gold pieces.

Inventory:

Hand Weapons
 a - a +2 dagger (weapon)
Missiles
 d - 8 poisoned darts (quivered)
 e - 2 curare-tipped darts
Armour
 b - a +0 robe (worn)
 c - a +0 cloak (worn)
Scrolls
 f - a scroll of identify {unknown}


   Skills:
 - Level 1.7 Fighting
 - Level 1.7 Short Blades
 - Level 1.7 Throwing
 + Level 1.0 Dodging
 - Level 4.8 Stealth
 * Level 0.9 Unarmed Combat


You couldn't memorise any spells.
You didn't know any spells.
Your spell library was empty.

Dungeon Overview and Level Annotations

Branches:
Dungeon (1/15)

Altars:


Innate Abilities, Weirdness & Mutations

You have extremely sharp teeth.
When hurt, damage is shared between your health and your magic reserves.
Your bite disrupts and absorbs the magic of your enemies.
Potions cannot restore your health.


Message History

You aren't carrying any items that you can evoke.
You aren't carrying any potions.
A dart slug comes into view.
The dart slug launches a dart at you. The slug dart misses you.
The dart slug launches a dart at you. The slug dart hits you.
* * * LOW HITPOINT WARNING * * *
A hobgoblin comes into view.
The kobold shouts!
The hobgoblin shouts!
The kobold throws a stone.
The stone closely misses you.
The endoplasm quivers.
Found 20 bolts.
The hobgoblin barely misses you.
A ball python comes into view.
The kobold barely misses you. The hobgoblin hits you.
The kobold throws a stone.
The stone completely misses you.
You see here a +0 flail.
You hit the hobgoblin. Your bite misses the hobgoblin.
The hobgoblin is heavily wounded.
The hobgoblin barely misses you.
You closely miss the hobgoblin. Your bite misses the hobgoblin.
The hobgoblin is heavily wounded.
The hobgoblin hits you.
* * * LOW HITPOINT WARNING * * *
You barely miss the hobgoblin. Your bite misses the hobgoblin.
The hobgoblin is heavily wounded.
The hobgoblin closely misses you.
You hit the hobgoblin.
You kill the hobgoblin!
Your Dodging skill increases to level 1!
You hit the hobgoblin.
You bite the hobgoblin, but do no damage.
The hobgoblin is heavily wounded.
The hobgoblin hits you.
You closely miss the hobgoblin.
You bite the hobgoblin, but do no damage.
The hobgoblin is heavily wounded.
The hobgoblin hits you.
You die...

## #### ##.##
########...
##.#.#########....g...#.
#.#.KJg@..............#.
#..g#########.########.
##.## #.# #. #.#
####.########. #.#
#..........##. #.#
#..........### #K#
#..........# #J#
#..........### #.#
###.............


You could see an endoplasm, 2 hobgoblins and a kobold.

Vanquished Creatures
  A giant cockroach (D:1)
  2 hobgoblins (D:1)
  A frilled lizard (D:1)
4 creatures vanquished.

Notes
Turn   | Place    | Note
-------+----------+-------------------------------------------
     0 | D:1      | Froggeryz the Vine Stalker Brigand began the quest for the
                  | Orb.
     0 | D:1      | Reached XP level 1. HP: 11/11 MP: 2/2
   132 | D:1      | Reached skill level 1 in Dodging
   133 | D:1      | Slain by a hobgoblin

Illustrated notes

Levels and vault maps discovered:
D:1:      mushboom_english_gardens, layout_loops_ring, basic_ecumenical_altar,
          serial_shops, shop, minmay_crystal_room

Skill      XL: |  1 |
---------------+----+-----
Dodging        | 1 |  1.0
Fighting       | |  1.7
Short Blades   | |  1.7
Throwing       | |  1.7
Stealth        | |  4.8
Unarmed Combat | |  0.9

Action                   || total
-------------------------++-------
Melee: Dagger            ||    16
       Bite              ||     4
 Stab: Sleeping          ||     1
Armor: Robe              ||     2
Dodge: Dodged            ||    14

Table legend: (Time is in decaauts)
 A = Elapsed time spent in this place.
 B = Non-inter-level travel time spent in this place.
 C = Inter-level travel time spent in this place.
 D = Time resting spent in this place.
 E = Time spent auto-exploring this place.
 F = Levels seen in this place.
 G = Mean time per level.
                   A        B        C        D        E       F      G
               +--------+--------+--------+--------+--------+-----+--------+
         Total |    131 |    131 |      0 |      0 |     37 |   1 |  131.0 |
       Dungeon |    131 |    131 |      0 |      0 |     37 |   1 |  131.0 |
               +--------+--------+--------+--------+--------+-----+--------+

Top non-repeatable levels by time:
     D:1: 131 daAuts
